 Dungeon Crawl Stone Soup version 0.18.1-5-g4a78601 (webtiles) character file.

6384 Scarto the Cleaver (level 10, -6/93 HPs)
             Began as a Hill Orc Fighter on May 10, 2016.
             Was an Elder of Beogh.
             Killed from afar by Joseph (15 damage)
             ... with a wand of acid
             ... on level 10 of the Dungeon.
             The game lasted 00:20:50 (9341 turns).

Scarto the Cleaver (Hill Orc Fighter)               Turns: 9341, Time: 00:20:51

Health: -6/93      AC:  2    Str: 31    XL:     10   Next: 97%
Magic:  10/10      EV: 15    Int:  9    God:    Beogh [****..]
Gold:   214        SH:  0    Dex: 13    Spells: 0 memorised, 9 levels left

rFire  + . .     SeeInvis .     K - +6 battleaxe "Susmuon" {drain, *Confuse rF+ Int+6}
rCold  . . .     Gourm    +     J - +5 ring mail "Guesaiqe" {rPois Str+8 Int-5 Dex-2}
rNeg   . . .     Faith    .     (shield currently unavailable)
rPois  +         Spirit   .     w - +2 hat
rElec  .         Dismiss  .     g - +2 cloak
rCorr  .         Reflect  .     (no gloves)
SustAt .         Harm     .     (no boots)
MR     .....                    h - amulet of the gourmand
Stlth  ++........               (no ring)
                                (no ring)

@: agile, corroded, drained, not resistant to hostile enchantments, unstealthy
A: no striking features
a: Smiting, Recall Orcish Followers, Renounce Religion


You were on level 10 of the Dungeon.
You worshipped Beogh.
Beogh was greatly pleased with you.
You were not hungry.

You visited 1 branch of the dungeon, and saw 10 of its levels.

You collected 501 gold pieces.
You spent 287 gold pieces at shops.

Inventory:

Hand Weapons
 a - a +0 war axe
 p - a +3 hand axe
 K - the +6 battleaxe "Susmuon" (weapon) {drain, *Confuse rF+ Int+6}
   (You bought it in a shop on level 6 of the Dungeon)

   A truly terrible weapon, it drains the life of those it strikes.
   It affects your intelligence (+6).
   It protects you from fire.
   It may confuse you when you take damage.
Missiles
 y - 61 bolts
 B - 17 tomahawks (quivered)
 N - 2 tomahawks of returning
Armour
 c - a +1 shield
 g - a +2 cloak (worn)
 t - a +1 plate armour
 w - a +2 hat (worn)
 J - the +5 ring mail "Guesaiqe" (worn) {rPois Str+8 Int-5 Dex-2}
   (You found it on level 6 of the Dungeon)

   It affects your strength (+8).
   It affects your intelligence (-5).
   It affects your dexterity (-2).
   It protects you from poison.
Jewellery
 h - an amulet of the gourmand (around neck)
Wands
 b - a wand of polymorph (9/24)
 o - a wand of lightning (4/15)
 D - a wand of acid (6/15)
 F - a wand of lightning (13/15)
 G - a wand of flame (1/48)
 H - a wand of heal wounds (7/9)
Scrolls
 e - 2 scrolls of magic mapping
 i - 2 scrolls of fear
 j - 3 scrolls of recharging
 m - 5 scrolls of identify
 q - 6 scrolls of remove curse
 C - 4 scrolls of enchant weapon
 I - a scroll of teleportation
 M - 2 scrolls of fog
 O - a scroll of amnesia
Potions
 d - 2 potions of might
 s - a potion of invisibility
 v - 4 potions of curing
 x - 2 potions of brilliance
 z - a potion of lignification
 A - a potion of cure mutation
 L - a potion of cancellation
Books
 E - a book of Enchantments

   Spells                             Type                      Level
   a - Cause Fear                     Hexes                        4
   b - Yara's Violent Unravelling     Hexes/Transmutation          5
   c - Silence                        Hexes/Air                    5
   d - Deflect Missiles               Charms/Air                   6
   e - Haste                          Charms                       6
   f - Discord                        Hexes                        8
Comestibles
 f - 3 bread rations
 k - 4 meat rations
 n - 14 fruits
 r - 3 beef jerkies


   Skills:
 + Level 10.2(10.0) Fighting
 + Level 10.9(10.6) Axes
 + Level 9.6(9.4) Armour
 + Level 9.5(9.3) Shields


You had 9 spell levels left.
You didn't know any spells.

Dungeon Overview and Level Annotations

Branches:
Dungeon (10/15)            Temple (0/1) D:7
   Lair: D:8-11         Orc: D:9-12

Altars:
Ashenzari
Cheibriados
Dithmenos
Elyvilon
Fedhas
Gozag
Makhleb
Okawaru
Ru
Vehumet
Xom
Yredelemnul
The Shining One

Shops:
D:6 (}:*:   D:9 =

Annotations:
D:10 Joseph, Maud, Nergalle


Message History

The acid corrodes you!
The acid burns!
* * * LOW HITPOINT WARNING * * *
Your orc hits Nergalle but does no damage.
Your orc misses Joseph. Nergalle hits you but does no damage.
Drink which item? (? for menu, Esc to quit)
You don't have any such object.
Drink which item? (? for menu, Esc to quit)
You can't drink that!
Unknown command.
Drink which item? (? for menu, Esc to quit)
You feel better.
Joseph zaps a wand.
The bolt of acid hits you!
* * * LOW HITPOINT WARNING * * *
The acid burns!
* * * LOW HITPOINT WARNING * * *
Your orc hits Nergalle but does no damage.
Your orc misses Joseph. Nergalle hits you but does no damage.
Drink which item? (? for menu, Esc to quit)
You feel agile all of a sudden.
Joseph zaps a wand.
The bolt of acid hits you!
You die...

.†...........#.......#......#
..
.............######..#..#...#
..
.............#.....(.#..#...#
..
.............#.......#..#...#
..
.............#.....(.####...#
.. .............#....(..#
#...# ..
.............#...)#..# #....
.. #....#..# ...... ..
#.o@o#..# ....... ..
#.....@o.#..####........
#........#..# #..######
#...#.......# . ....#.......#
.. ... #.......# ######## ..
#.......# ....... #.......#.
.....(. .#..####.####


You could see Joseph, Nergalle and 2 friendly orcs.

Vanquished Creatures
  Gastronok (D:10)
  The ghost of Scarto the Skirmisher, a novice HOFi (D:5)
  Edmund (D:5)
  A water moccasin (D:6)
  A black bear (D:10)
  2 sky beasts
  An orc warrior (D:9)
  2 ice beasts
  7 ogres
  A phantom (D:9)
  3 centaurs
  A crocodile (D:9)
  A big kobold (D:8)
  7 giant frogs
  3 scorpions
  9 killer bees
  2 howler monkeys
  4 wights (D:6)
  8 crimson imps
  4 giant frog zombies
  3 hounds
  A centaur zombie (D:8)
  A wasp zombie (D:7)
  A centaur skeleton (D:8)
  6 jellies
  4 orc priests
  7 orc wizards
  2 iguanas
  Natasha (thrice) (D:3)
  5 worker ants
  Robin (D:3)
  7 gnolls
  10 adders
  4 shadow imps
  4 oozes
  An adder zombie (D:8)
  An adder skeleton (D:6)
  A worm (D:2)
  8 giant geckos
  19 orcs
  4 giant cockroaches
  9 hobgoblins
  20 jackals
  15 kobolds
  5 quokkas
  2 ball pythons
  14 bats
  5 giant newts
  18 goblins
  A quokka skeleton (D:7)
  4 rats
246 creatures vanquished.

Vanquished Creatures (collateral kills)
  A worker ant (D:10)
  An orc (D:10)
  A quokka (D:10)
3 creatures vanquished.

Vanquished Creatures (others)
  An orc warrior (D:10)
  An orc priest (D:4)
  4 orcs
6 creatures vanquished.

Grand Total: 255 creatures vanquished

Notes
Turn   | Place    | Note
--------------------------------------------------------------
     0 | D:1      | Scarto the Hill Orc Fighter began the quest for the Orb.
     0 | D:1      | Reached XP level 1. HP: 19/19 MP: 1/1
    99 | D:1      | Reached XP level 2. HP: 26/27 MP: 2/2
   448 | D:2      | Reached XP level 3. HP: 33/33 MP: 3/3
   560 | D:2      | Found a shadowy altar of Dithmenos.
   720 | D:2      | Reached XP level 4. HP: 40/40 MP: 4/4
  1260 | D:3      | Found an opulent altar of Gozag.
  1294 | D:3      | Noticed Natasha
  1312 | D:3      | Killed Natasha
  1630 | D:3      | Noticed Natasha
  1637 | D:3      | Killed Natasha
  1637 | D:3      | Reached XP level 5. HP: 46/47 MP: 5/5
  1681 | D:3      | Noticed Robin
  1720 | D:3      | Killed Robin
  1943 | D:3      | Reached skill level 5 in Axes
  2075 | D:3      | Noticed Natasha
  2087 | D:3      | Killed Natasha
  2087 | D:3      | Reached XP level 6. HP: 12/53 MP: 6/6
  2678 | D:4      | Found a snail-covered altar of Cheibriados.
  2754 | D:4      | Reached skill level 5 in Fighting
  3113 | D:4      | Reached skill level 5 in Shields
  3113 | D:4      | Reached XP level 7. HP: 41/61 MP: 7/7
  3176 | D:4      | Reached skill level 5 in Armour
  3185 | D:4      | Became a worshipper of Beogh the Brigand
  3797 | D:5      | Entered Level 5 of the Dungeon
  3820 | D:5      | Noticed Edmund
  3853 | D:5      | Killed Edmund
  3853 | D:5      | Reached XP level 8. HP: 58/70 MP: 8/8
  3865 | D:5      | Found a sacrificial altar of Ru.
  3937 | D:5      | Found a shimmering altar of Xom.
  4001 | D:5      | Noticed Scarto's ghost (novice HOFi)
  4026 | D:5      | Killed Scarto's ghost
  4539 | D:5      | Found a blossoming altar of Fedhas.
  5122 | D:5      | Reached * piety under Beogh
  5299 | D:6      | Reached XP level 9. HP: 72/79 MP: 9/9
  5406 | D:6      | Found Aruakouc's Book Shoppe.
  5419 | D:6      | Found Ciomuj's General Store.
  5507 | D:6      | Found Zosing's Book Shop.
  5568 | D:6      | Found a radiant altar of Vehumet.
  5569 | D:6      | Found a burning altar of Makhleb.
  5701 | D:6      | Found Ijuicer's Antique Weapon Shoppe.
  5714 | D:6      | Found Zalluth's Gadget Shop.
  5857 | D:6      | Got an emerald-encrusted ring mail
  5868 | D:6      | Identified the +5 ring mail "Guesaiqe" {rPois Str+8 Int-5 Dex-2} (You found it on level 6 of the Dungeon)
  5926 | D:6      | Reached ** piety under Beogh
  6068 | D:6      | Bought a brightly glowing battleaxe for 287 gold pieces
  6073 | D:6      | Identified the +6 battleaxe "Susmuon" {drain, *Confuse rF+ Int+6} (You bought it in a shop on level 6 of the Dungeon)
  6162 | D:7      | Found an iron altar of Okawaru.
  6244 | D:7      | Found a blossoming altar of Fedhas.
  6279 | D:7      | Found a staircase to the Ecumenical Temple.
  6826 | D:8      | Reached XP level 10. HP: 87/90 MP: 10/10
  6877 | D:8      | Reached *** piety under Beogh
  7837 | D:9      | Found a basalt altar of Yredelemnul.
  7998 | D:9      | Found a white marble altar of Elyvilon.
  8045 | D:9      | Found Ithis's Jewellery Shoppe.
  8099 | D:9      | Reached skill level 10 in Axes
  8498 | D:9      | Reached **** piety under Beogh
  8559 | D:9      | Found a shattered altar of Ashenzari.
  8559 | D:9      | Found a glowing golden altar of the Shining One.
  8601 | D:10     | Entered Level 10 of the Dungeon
  8633 | D:10     | Noticed Gastronok
  8640 | D:10     | Noticed Nergalle
  8644 | D:10     | Noticed Maud
  8646 | D:10     | Killed Gastronok
  8646 | D:10     | Reached skill level 10 in Fighting
  9329 | D:10     | Noticed Joseph
  9341 | D:10     | Killed from afar by Joseph

Skill      XL: |  1  2  3  4  5  6  7  8  9 10 |
---------------+-------------------------------+-----
Axes           | 3 4 5 6 7 9 10 | 10.9
Fighting       | 4 5 6 7 8 10 | 10.2
Armour         | 4 5 6 8 9 |  9.6
Shields        | 4 5 7 8 9 |  9.5

Action                   |  1- 3 |  4- 6 |  7- 9 | 10-12 || total
-------------------------+-------+-------+-------+-------++-------
Melee: War axe           |    82 |       |       |       ||    82
       Hand axe          |    25 |   192 |   350 |       ||   567
       Battleaxe         |       |       |    65 |   158 ||   223
Invok: Convert to Beogh  |       |       |     1 |       ||     1
       Recall Orcish Fol |       |       |       |     1 ||     1
  Use: Scroll            |       |    10 |     3 |     7 ||    20
       Potion            |       |     6 |     2 |     5 ||    13
  Eat: Chunk             |       |    11 |     1 |     8 ||    20
       Meat ration       |       |     1 |       |     1 ||     2
       Bread ration      |       |       |     2 |       ||     2
Armor: Scale mail        |    86 |    63 |       |       ||   149
       Plate armour      |       |     1 |   127 |       ||   128
       Ring mail         |       |       |    49 |   161 ||   210
Dodge: Dodged            |    63 |    61 |    87 |   121 ||   332
Block: Shield            |    72 |   110 |   187 |       ||   369
